Map: Malwarfare

Players

monk

  • Race: Protoss Protoss
  • Spawn Location: 7:00

Geno

  • Race: Terran Terran
  • Spawn Location: 7:00

VOD

Have the link to the VOD?

Description

Time

  • Played on: Oct. 26, 2017, 4:20 a.m.
  • Length: 25:40
Show
View Real Time Build Order
Export as new Build Order

monk Protoss 

Build Orders:  

Get SALT Encoding   

  12  0:00  Probe (Chrono Boost)  
  13  0:13  Probe (Chrono Boost)  
  14  0:25  Probe (Chrono Boost)  
  15  0:45  Probe (Chrono Boost)  
  15  1:12  Nexus  
  15  1:22  Pylon  
  15  1:27  Probe (Chrono Boost)  
  16  1:39  Probe (Chrono Boost)  
  16  1:47  Assimilator  
  17  1:51  Probe (Chrono Boost)  
  17  1:59  Assimilator  
  18  2:03  Probe (Chrono Boost)  
  19  2:15  Probe (Chrono Boost)  
  20  2:27  Probe (Chrono Boost)  
  20  2:36  Gateway  
  20  2:39  Probe (Chrono Boost)  
  22  2:51  Probe x2 (Chrono Boost)  
  24  3:03  Probe (Chrono Boost)  
  24  3:04  Probe (Chrono Boost)  
  26  3:15  Probe (Chrono Boost)  
  26  3:16  Probe (Chrono Boost)  
  28  3:20  Assimilator  
  28  3:27  Probe (Chrono Boost)  
  28  3:28  Probe (Chrono Boost)  
  29  3:39  Probe (Chrono Boost)  
  30  3:40  Probe (Chrono Boost)  
  30  3:44  Cybernetics Core  
  32  3:51  Probe (Chrono Boost)  
  32  3:53  Probe (Chrono Boost)  
  32  3:58  Assimilator  
  34  4:03  Probe (Chrono Boost)  
  34  4:05  Probe (Chrono Boost)  
  34  4:09  Pylon  
  36  4:13  Warp Gate  
  36  4:15  Probe (Chrono Boost)  
  36  4:17  Probe (Chrono Boost)  
  38  4:37  Probe x2 (Chrono Boost)  
  39  4:46  Robotics Facility, Solar Efficiency Level 1  
  39  4:49  Twilight Council, Probe x2 (Chrono Boost)  
  40  4:55  Probe (Chrono Boost)  
  40  4:59  Probe x2 (Chrono Boost)  
  42  5:05  Probe (Chrono Boost)  
  43  5:18  Reconstruction, Probe x2 (Chrono Boost)  
  46  5:25  Pylon  
  48  5:30  Probe (Chrono Boost)  
  48  5:35  Probe (Chrono Boost)  
  50  5:42  Probe (Chrono Boost)  
  51  5:50  Immortal (Chrono Boost)  
  51  5:54  Probe (Chrono Boost)  
  51  5:58  Pylon  
  56  6:13  Reclamation, Pylon  
  56  6:29  Energizer  
  58  6:32  Immortal (Chrono Boost)  
  62  6:51  Robotics Facility  
  62  6:54  Gateway  
  62  6:55  Gateway  
  62  6:59  Gateway  
  62  7:11  Immortal (Chrono Boost)  
  62  7:16  Protoss Ground Weapons Level 1, Pylon  
  66  7:36  Pylon  
  66  7:42  Gateway  
  66  7:43  Energizer  
  68  7:52  Immortal (Chrono Boost)  
  68  8:01  Immortal (Chrono Boost)  
  68  8:03  Charge  
  76  8:11  Forge  
  76  8:21  Gateway  
  76  8:26  Energizer  
  76  8:27  Energizer  
  76  8:28  Energizer  
  76  8:29  Immortal (Chrono Boost)  
  82  8:31  Immortal (Chrono Boost)  
  82  8:39  Immortal (Chrono Boost)  
  82  8:40  Energizer  
  82  8:49  Pylon  
  94  9:28  Immortal (Chrono Boost)  
  93  9:30  Pylon  
  93  9:36  Immortal (Chrono Boost)  
  101  9:59  Pylon  
  101  10:08  Protoss Ground Weapons Level 2 (Chrono Boost)  
  101  10:09  Sentinel  
  97  10:16  Immortal (Chrono Boost)  
  97  10:18  Pylon  
  97  10:19  Sentinel  
  99  10:20  Sentinel x3  
  99  10:21  Energizer  
  99  10:26  Sentinel  
  99  10:27  Sentinel  
  99  10:28  Immortal (Chrono Boost)  
  105  10:33  Sentinel  
  107  10:54  Energizer x2  
  107  10:55  Sentinel x2  
  113  11:08  Immortal (Chrono Boost)  
  117  11:26  Solar Efficiency Level 2  
  117  11:28  Immortal (Chrono Boost)  
  117  11:42  Pylon  
  117  11:45  Pylon  
  117  11:49  Pylon  
  119  11:51  Immortal  
  123  12:17  Sentinel x2  
  123  12:18  Sentinel x3  
  133  12:23  Observer  
  133  12:32  Protoss Ground Weapons Level 3 (Chrono Boost)  
  134  12:42  Observer  
  134  12:47  Observer  
  135  12:50  Photon Cannon  
  135  13:07  Sentinel  
  135  13:08  Sentinel x4  
  142  13:31  Sentinel  
  142  13:32  Sentinel  
  142  13:33  Immortal  
  142  13:36  Immortal  
  142  13:38  Photon Cannon  
  142  13:39  Pylon  
  142  13:48  Sentinel  
  146  13:51  Sentinel  
  146  13:54  Sentinel x2  
  146  13:55  Sentinel  
  146  13:58  Sentinel  
  146  13:59  Sentinel  
  150  14:03  Sentinel  
  150  14:18  Immortal  
  150  14:21  Immortal  
  150  14:26  Sentinel  
  150  14:38  Pylon  
  150  14:46  Pylon  
  150  14:50  Sentinel  
  150  14:54  Sentinel  
  150  14:57  Sentinel, Immortal  
  148  15:00  Pylon  
  148  15:05  Rapid Recharging  
  148  15:09  Immortal  
  146  15:36  Immortal  
  146  15:43  Sentinel  
  146  15:45  Sentinel x2  
  146  15:46  Sentinel, Pylon  
  146  15:48  Sentinel x3  
  146  15:49  Sentinel x3  
  152  15:57  Immortal  
  154  16:15  Immortal  
  154  16:27  Immortal  
  154  16:29  Immortal  
  154  16:37  Immortal x2  
  156  16:49  Probe  
  156  16:52  Immortal  
  161  17:00  Immortal  
  169  17:31  Immortal  
  179  18:04  Energizer  
  179  18:08  Sentinel  
  181  18:10  Immortal  
  181  18:19  Immortal  
  181  18:25  Pylon  
  189  18:39  Sentinel  
  189  18:41  Sentinel  
  189  19:06  Enhanced Targeting (Chrono Boost)  
  189  19:14  Immortal  
  187  19:33  Energizer  
  189  20:05  Observer  
  190  20:13  Immortal  
  190  20:14  Optimized Ordinance (Chrono Boost)  
  184  20:56  Pylon  
  184  20:59  Photon Cannon  
  184  21:00  Photon Cannon  
  184  21:01  Immortal  
  184  21:02  Photon Cannon  
  184  21:03  Immortal  
  184  21:06  Photon Cannon  
  184  21:09  Immortal  
  182  21:10  Photon Cannon  
  182  21:12  Immortal, Photon Cannon x2  
  182  21:13  Energizer  
  182  21:17  Photon Cannon  
  182  21:18  Photon Cannon  
  180  21:20  Photon Cannon  
  180  21:22  Photon Cannon  
  180  21:24  Photon Cannon  
  180  21:27  Energizer x2  
  180  21:28  Energizer x2  
  182  21:42  Pylon  
  182  21:47  Photon Cannon  
  182  21:48  Photon Cannon  
  178  21:51  Energizer, Photon Cannon  
  178  21:52  Photon Cannon  
  178  21:57  Photon Cannon  
  188  22:00  Photon Cannon  
  188  22:02  Photon Cannon  
  188  22:05  Photon Cannon  
  188  22:08  Photon Cannon  
  188  22:13  Immortal  
  188  22:22  Immortal  
  188  22:25  Pylon  
  186  22:34  Photon Cannon  
  186  22:37  Photon Cannon  
  186  22:38  Photon Cannon  
  186  22:41  Photon Cannon  
  186  22:43  Sentinel x2, Photon Cannon  
  186  22:45  Photon Cannon  
  190  23:20  Sentinel  
  190  23:22  Sentinel  
  190  23:40  Sentinel  
  190  23:41  Sentinel x4  
  190  23:46  Photon Cannon  
  190  23:48  Photon Cannon x2  
  200  24:10  Sentinel  
  200  24:13  Sentinel  
Show
View Real Time Build Order
Export as new Build Order

Geno Terran 

Build Orders:  

Get SALT Encoding   

Tags
 
Commander
KaraxRaynor
Matchup
Co-op
Replay Pack
Co-op Speedrun
Add a new tag
Caveats
  • Supply blocks, unpowered buildings, or Contaminate may cause inaccurate times.
  • Supply counts are checked every 10 seconds.